[Event "*** Titled Tuesday Blitz"]
[Site "Chess.com"]
[Date "2019.12.03"]
[Round "7"]
[White "goldenspine"]
[Black "josiur"]
[Result "1-0"]
[WhiteElo "2336"]
[BlackElo "2413"]
[TimeControl "180+2"]
[EndTime "14:36:12 PST"]
[Termination "goldenspine won by resignation"]

1. e4 e5 2. Nf3 Nc6 3. Bb5 a6 4. Ba4 b5 5. Bb3 Na5 6. Bxf7+ Kxf7 7. Nxe5+ Ke7 8. Qf3 Qe8 9. d4 Nf6 10. Nd3 Bb7 11.
Nc3 Kd8 12. d5 Nxd5 13. Nxd5 Bxd5 14. Bg5+ Kc8 15. O-O Qxe4 16. Qg3 Bd6 17. Bf4 g5 18. Bxd6 cxd6 19. Rfe1 Qg6 20. Nb4 Bc6 21. Qc3 Rd8 22. Nd5 Nc4 23. Ne7+ Kc7 24. Nxg6 hxg6 25. Rad1 d5 26.
b3 Nb6 27. Re7 Rf8 28. Qe5+ Kb7 29. Qxg5 Rf5 30. Qxg6 Raf8 31. f3 R5f6 32. Qg7 Kc7 33. Rde1 Nc8 34. Re8 R8f7 35. Qg3+ Nd6 36. h4 Kb7 37. R8e7 Rf8 38. Qg5 Nf5 39. Re8 R8f7 40. h5 d4 41. R1e5 Nd6 42. Rg8 Nf5 43. Rg6 Rxg6 44.
hxg6 1-0

[Event "*** Titled Tuesday Blitz"]
[Site "Chess.com"]
[Date "2019.12.03"]
[Round "7"]
[White "HouseOfDurin"]
[Black "tteshan"]
[Result "0-1"]
[WhiteElo "2136"]
[BlackElo "2351"]
[TimeControl "180+2"]
[EndTime "14:36:16 PST"]
[Termination "tteshan won by resignation"]

1. d4 d5 2. Bg5 f6 3. Bh4 Bg4 4. f3 Bh5 5. g4 Bf7 6. e4 dxe4 7. fxe4 Nc6 8. Nf3 h5 9. g5 Qd7 10. Rg1 O-O-O 11. c3 f5 12. Nbd2 g6 13. Qc2 Bg7 14.
Bh3 e6 15. O-O-O Kb8 16. exf5 exf5 17. Bg3 Qd5 18. a3 Nge7 19. Rge1 Rhe8 20. Ne5 Nxe5 21. Bxe5 Bxe5 22. Rxe5 Qd6 23. Rde1 Nc6 24. Rxe8 Rxe8 25. Rxe8+ Bxe8 26. Nc4 Qe6 27. Qd3 Bf7 28. Nd2 Qe1+ 29. Kc2 a6 30. Bg2 Ne7 31. d5 Nc8 32. Nc4 Qf2+ 33.
Qd2 Qc5 34. Ne5 Be8 35. b4 Qe7 36. Qd4 Nd6 37. c4 Qxg5 38. Bf3 f4 39. Nc6+ bxc6 40. dxc6 Qf5+ 41. Kb2 Qe5 42. Qxe5 Nxc4+ 43. Kc3 Nxe5 44.
Be4 Bxc6 45. Bxg6 Nxg6 46. Kd3 Ne5+ 47. Ke2 Be4 0-1

[Event "*** Titled Tuesday Blitz"]
[Site "Chess.com"]
[Date "2019.12.03"]
[Round "7"]
[White "Filip_Covic"]
[Black "chessasuke"]
[Result "0-1"]
[WhiteElo "2460"]
[BlackElo "2630"]
[TimeControl "180+2"]
[EndTime "14:36:18 PST"]
[Termination "chessasuke won by checkmate"]

1. e4 e6 2. d4 d5 3. Nc3 Bb4 4. e5 Qd7 5. a3 Bxc3+ 6. bxc3 b6 7. Qg4 f5 8. Qg3 Qf7 9. Nh3 h6 10. c4 dxc4 11. Bxc4 Ba6 12. Qf3 Bxc4 13. Qxa8 Qd7 14.
Qxb8+ Kf7 15. Be3 a5 16. f4 Bd5 17. O-O Kg6 18. c4 Bxc4 19. Rf3 Kh7 20. Rg3 Ne7 21. Qb7 Nc6 22. Ng5+ hxg5 23. Rh3+ Kg8 24. Qa8+ Nd8 25. Rxh8+ Kxh8 26. fxg5 Bd5 27. Qa6 Nc6 28. Qe2 g6 29.
Qf2 Qh7 30. Rc1 Kg8 31. Rc3 Kf8 32. Bd2 Ke8 33. Rh3 Qe7 34. Rh8+ Kd7 35. Qh4 Qxa3 36.
Rh7+ Kc8 37. Qe1 Qb2 38. h4 Qxd4+ 39. Qe3 Qg4 40. Qf2 Nd4 41. h5 gxh5 42. Rh8+ Kb7 43. g6 Nf3+ 44. Kf1 Bc4+ 45. Qe2 Bxe2+ 46. Kxe2 Nxe5+ 47. Ke1 Nd3+ 48. Kf1 Qd1+ 49. Be1 Qxe1# 0-1

[Event "*** Titled Tuesday Blitz"]
[Site "Chess.com"]
[Date "2019.12.03"]
[Round "7"]
[White "WorldChampionBulletChess"]
[Black "NemtsevIgor"]
[Result "1/2-1/2"]
[WhiteElo "2119"]
[BlackElo "2323"]
[TimeControl "180+2"]
[EndTime "14:36:18 PST"]
[Termination "Game drawn by repetition"]

1. d4 Nf6 2. e3 g6 3. Nf3 Bg7 4. Be2 O-O 5. a3 d6 6. O-O Nc6 7. b4 a6 8. c4 e5 9. d5 Ne7 10. Ra2 a5 11. Qb3 axb4 12. axb4 Rxa2 13. Qxa2 Nd7 14.
Ba3 f5 15. c5 e4 16. Ng5 Ne5 17. cxd6 cxd6 18. Ne6 Bxe6 19. dxe6 g5 20. Rd1 f4 21.
exf4 gxf4 22. b5 f3 23. Bf1 d5 24. Bxe7 Qxe7 25. Qxd5 e3 26. fxe3 fxg2 27. Bxg2 Kh8 28. Rf1 Qg5 29. Rxf8+ Bxf8 30. Qe4 Bd6 31. Nc3 Ng4 32. Nd5 Bxh2+ 33. Kf1 Qxd5 34. Qxd5 Nxe3+ 35. Ke2 Nxd5 36. Bxd5 Bd6 37. Bxb7 Kg7 38. Bc6 Kf6 39. Bd7 Bc5 40. Kf3 Ke7 41. Kg4 Be3 42. Kh5 Kd6 43. Kg4 h6 44. Kf5 Bd4 45. Kg6 Ke7 46. Kxh6 Bc5 47. Kg6 Bd4 48. Kf5 Kd6 49. Ke4 Bb6 50.
Kf5 Bd4 51. Kg6 Ke7 52. Kh7 Bb6 53.
Kg8 Bd4 54. Kh7 Bb6 55. Kh6 Bd4 56. Kg5 Bb6 57. Kf4 Kd6 58. Ke4 Bc5 59. Kd3 Bb6 60.
Kc4 Ba5 61. Bc8 Bb6 62. Bd7 Ba5 63. Kb3 Bb6 64. Ka4 Ke7 65. Kb4 Kd6 66. Kc4 1/2-1/2

[Event "*** Titled Tuesday Blitz"]
[Site "Chess.com"]
[Date "2019.12.03"]
[Round "7"]
[White "LonesomeGeorge1"]
[Black "kleopl"]
[Result "0-1"]
[WhiteElo "2313"]
[BlackElo "2476"]
[TimeControl "180+2"]
[EndTime "14:36:22 PST"]
[Termination "kleopl won by resignation"]

1. e4 c6 2. d4 d5 3. exd5 cxd5 4. Bd3 Nc6 5. c3 Nf6 6. h3 e5 7. dxe5 Nxe5 8. Nf3 Nxd3+ 9. Qxd3 Bd6 10. O-O O-O 11. Bg5 Be6 12. Nbd2 h6 13. Be3 a6 14.
Nb3 Ne4 15. Nfd4 Rc8 16. Rad1 Bb8 17. Rfe1 Qc7 18. Nf3 Rcd8 19. Bd4 f6 20. Nbd2 Bf5 21. Nf1 Rfe8 22. Qe3 Ng5 23. Qxe8+ Rxe8 24. Rxe8+ Kf7 25.
Re3 Be4 26. Nxg5+ hxg5 27. Rde1 Kg6 28. f3 Bf5 29. Re7 Qc6 30. Ne3 Bg3 31. Nxf5 Bxe1 32.
g4 Kh7 33. Rxe1 g6 34. Re7+ Kg8 35. Nh6+ Kf8 36. Rf7+ Ke8 37. Bxf6 Qb5 38. Re7+ Kf8 39.
Rf7+ Ke8 40. Re7+ Kf8 41. Re1 Qxb2 42. Bd4 Qd2 43. Kf1 Qd3+ 44. Kf2 b5 45. Re5 Qd2+ 46.
Kg3 Qf4+ 47. Kg2 Qd2+ 48. Kg3 Qf4+ 49. Kg2 Qd2+ 50. Kf1 Qd1+ 51. Kf2 Qd2+ 52. Re2 Qf4 53. Kg2 b4 54. Be5 Qc4 55. Kf2 bxc3 56. Bf6 c2 57. Be7+ Kg7 58. Bf8+ Kxf8 59. Re8+ 0-1

[Event "*** Titled Tuesday Blitz"]
[Site "Chess.com"]
[Date "2019.12.03"]
[Round "7"]
[White "Al_Shima"]
[Black "FrogMist"]
[Result "1-0"]
[WhiteElo "2455"]
[BlackElo "2291"]
[TimeControl "180+2"]
[EndTime "14:36:26 PST"]
[Termination "Al_Shima won by resignation"]

1. b3 e5 2. Bb2 Nc6 3. e3 Nf6 4.
Bb5 Bd6 5. Ne2 O-O 6. O-O Re8 7.
Ng3 Bf8 8. e4 d5 9. Bxc6 bxc6 10. d3 Bg4 11. f3 Bc8 12. Nd2 a5 13. a4 Rb8 14. Re1 Bd6 15. Kh1 h5 16. Bc3 h4 17. Ne2 Ra8 18. h3 Nh5 19. Nf1 Qg5 20. Bd2 Qg6 21. Qc1 f5 22. exf5 Bxf5 23. Bg5 e4 24. dxe4 dxe4 25. f4 Qh7 26. Ne3 Bd7 27.
Rf1 Rab8 28. Qe1 Nf6 29. Qxh4 Qxh4 30. Bxh4 Bc5 31. Bf2 Bb6 32. Kh2 Be6 33. Rad1 Rbd8 34. g4 Nd5 35. Nxd5 Bxf2 36. Nxc7 Rxd1 37. Rxd1 Re7 38. Nxe6 Rxe6 39. Kg2 Bc5 40. Nd4 Rd6 41. c3 Rd5 42. Kf2 Kf7 43. Ke3 g5 44. Kxe4 gxf4 45. Rf1 Kg6 46. Rxf4 Bd6 47. Rf5 1-0

[Event "*** Titled Tuesday Blitz"]
[Site "Chess.com"]
[Date "2019.12.03"]
[Round "7"]
[White "Laico"]
[Black "Jbd735"]
[Result "0-1"]
[WhiteElo "2333"]
[BlackElo "2445"]
[TimeControl "180+2"]
[EndTime "14:36:28 PST"]
[Termination "Jbd735 won on time"]

1. e4 e5 2. Nc3 Nc6 3. Bc4 Nf6 4. d3 Bb4 5. Bg5 h6 6. Bxf6 Qxf6 7. Ne2 Nd4 8. O-O Nxe2+ 9. Nxe2 O-O 10. c3 Be7 11. f4 Qb6+ 12. Rf2 d6 13. f5 Qxb2 14. Ng3 Qxc3 15. Nh5 d5 16. Rc1 Qd4 17. Bxd5 Bc5 18. Rxc5 Qxc5 19. Qg4 Qc1+ 20. Rf1 Qg5 21. Qe2 c6 22.
Bb3 Kh7 23. g3 Bd7 24. h4 Qe7 25. Qg4 f6 26. Qe2 Be8 27. g4 Bxh5 28. gxh5 a5 29. Kh1 a4 30. Be6 b5 31. Rg1 Ra7 32. Qg2 Rc7 33. Qg6+ Kh8 34. Qg2 Qa3 35. Qd2 Rd8 36.
Rg3 Qd6 37. Kh2 Kh7 38. Qg2 c5 39. Rg6 Qf8 40. Qg3 c4 41. dxc4 bxc4 42. Qc3 Qd6 43. Rg3 Qd2+ 44. Kh3 Qxc3 45. Rxc3 Rd3+ 0-1

[Event "*** Titled Tuesday Blitz"]
[Site "Chess.com"]
[Date "2019.12.03"]
[Round "7"]
[White "laboratorio25"]
[Black "Nancy11111"]
[Result "1-0"]
[WhiteElo "2445"]
[BlackElo "2348"]
[TimeControl "180+2"]
[EndTime "14:36:29 PST"]
[Termination "laboratorio25 won on time"]

1. e4 c5 2. Nf3 d6 3. d4 cxd4 4. Nxd4 Nf6 5. Nc3 a6 6. Be3 e5 7. Nb3 Be6 8. f3 Be7 9. Qd2 Nbd7 10. g4 O-O 11. g5 Ne8 12. O-O-O Nc5 13. h4 Nxb3+ 14.
axb3 b5 15. Kb1 b4 16. Na4 a5 17. Bc4 Bd7 18. h5 Be6 19. g6 Rc8 20. Nb6 Rc6 21. Nd5 Nf6 22. Bb5 Bxd5 23. exd5 Rc8 24. gxh7+ Nxh7 25. Rhg1 Kh8 26. Rg2 Rg8 27. Rdg1 Bf6 28. Qd3 Nf8 29. Qe4 Qc7 30. Bd3 Qd7 31. Bh6 a4 32.
Qe3 Ng6 33. hxg6 fxg6 34. Rh2 Rgf8 35. Rxg6 Kg8 36. Rhg2 Rf7 37. Qg1 axb3 38. cxb3 Rc7 39. Bd2 Rb7 40. Qh2 Kf8 41. Qh8+ Ke7 42. Bg5 Qc7 43.
Rxg7 1-0

[Event "*** Titled Tuesday Blitz"]
[Site "Chess.com"]
[Date "2019.12.03"]
[Round "7"]
[White "ChainsOfFantasia"]
[Black "MathiasWomacka"]
[Result "1-0"]
[WhiteElo "2516"]
[BlackElo "2337"]
[TimeControl "180+2"]
[EndTime "14:36:31 PST"]
[Termination "ChainsOfFantasia won by resignation"]

1. d4 Nf6 2. Nf3 e6 3. c4 Bb4+ 4. Nbd2 O-O 5. a3 Be7 6. e4 d5 7. e5 Nfd7 8. Qc2 c5 9. cxd5 exd5 10. h4 Nc6 11. Bd3 h6 12. O-O cxd4 13. Re1 Bxh4 14. b4 Re8 15. Nxh4 Qxh4 16. Nf3 Qh5 17. Bf4 Nb6 18.
b5 Ne7 19. Nxd4 Ng6 20. Bxg6 Qxg6 21. Qxg6 fxg6 22. e6 a6 23. a4 axb5 24. Nxb5 Rxe6 25. Rxe6 Bxe6 26. Nc7 Rxa4 27. Rxa4 Nxa4 28. Nxe6 g5 29. Be5 g6 30. Nc7 Kf7 31. Bd4 Ke7 32. Nxd5+ Kd6 33.
Ne3 b5 34. f3 b4 35. Kf2 b3 36. Nd1 Kd5 37. Ke3 Kc4 38. Nb2+ Nxb2 39. Bxb2 Kd5 40. Kd3 h5 41. Bc1 g4 42. fxg4 hxg4 43. g3 Ke5 44. Bf4+ Kf5 45. Kc3 g5 46. Bb8 Kg6 47. Kxb3 Kf5 48. Kc4 Ke4 49. Bd6 Kf5 50. Kd5 Kf6 51.
Ke4 Kg6 52. Ke5 Kg7 53. Kf5 Kh6 54. Kxg4 1-0

[Event "*** Titled Tuesday Blitz"]
[Site "Chess.com"]
[Date "2019.12.03"]
[Round "7"]
[White "Niklas2304"]
[Black "ferdipy"]
[Result "1-0"]
[WhiteElo "2352"]
[BlackElo "2186"]
[TimeControl "180+2"]
[EndTime "14:36:31 PST"]
[Termination "Niklas2304 won on time"]

1. e4 e6 2. d4 d5 3. Nc3 Bb4 4. e5 c5 5. a3 Bxc3+ 6. bxc3 Ne7 7. Qg4 Qc7 8. Bd3 cxd4 9. Ne2 Nbc6 10. cxd4 g6 11. O-O h5 12. Qg5 Bd7 13. c3 O-O-O 14.
a4 Nf5 15. Ba3 Na5 16. Bxf5 gxf5 17. Bd6 Qc4 18. Nf4 h4 19. h3 Nb3 20. Ra3 Bxa4 21. Qf6 Rh7 22. Qe7 Nd2 23. Rfa1 b5 24. Nxe6 fxe6 25.
Qxh7 Ne4 26. Rxa4 bxa4 27. Rxa4 Qxc3 28. Qxh4 Nxd6 29. exd6 Rd7 30. Qh8+ Kb7 31. Qe5 Qb3 32. Ra1 Qb2 33. Re1 Qb4 34. Qxe6 Rxd6 35. Qe7+ Kb6 36. Kh2 a5 37. Re6 Kc6 38. Qe8+ Kb6 39. Re7 Qxd4 40. Qb8+ Kc5 41. Rc7+ Rc6 42. Qa7+ Kc4 43. Rxc6+ Kd3 44. Qa6+ 1-0

[Event "*** Titled Tuesday Blitz"]
[Site "Chess.com"]
[Date "2019.12.03"]
[Round "7"]
[White "Lovkov_Roman"]
[Black "Squirlolz"]
[Result "0-1"]
[WhiteElo "2750"]
[BlackElo "2664"]
[TimeControl "180+2"]
[EndTime "14:36:33 PST"]
[Termination "Squirlolz won by resignation"]

1. e4 e6 2. d4 d5 3. e5 c5 4.
c3 Nc6 5. Nf3 Bd7 6. a3 c4 7. Nbd2 Na5 8. Rb1 Qc7 9. g3 Ne7 10. Bg2 Nc8 11. O-O Nb6 12. Ne1 O-O-O 13. f4 Kb8 14. Bh3 g6 15. Ng2 Ba4 16. Qf3 Bc2 17.
Ra1 Nb3 18. Nxb3 cxb3 19. Ne3 Be4 20. Qe2 Nc4 21. Bg2 Bxg2 22. Kxg2 a5 23. a4 Qc6 24. Rf3 b5 25. axb5 Qxb5 26. Nd1 Be7 27. Be3 a4 28.
Bf2 Kb7 29. g4 Rhg8 30. h3 Ra8 31. Bg3 Kc6 32. Rb1 a3 33. bxa3 Rxa3 34. Rf2 Rga8 35.
f5 Ra2 36. Qe1 Rxf2+ 37. Nxf2 gxf5 38. gxf5 b2 39. Nd3 Ra2 40. Qf2 Ra1 41. Qe1 Rxb1 42.
Qxb1 Na3 43. Qxb2 Qxd3 44. fxe6 Qe4+ 45. Kh2 fxe6 46. Qb3 Qc2+ 47. Qxc2 Nxc2 48. Kg2 Kb5 49. Kf3 Kc4 0-1

[Event "*** Titled Tuesday Blitz"]
[Site "Chess.com"]
[Date "2019.12.03"]
[Round "7"]
[White "Walter_White_Poland"]
[Black "iLuusions"]
[Result "0-1"]
[WhiteElo "2292"]
[BlackElo "2642"]
[TimeControl "180+2"]
[EndTime "14:36:34 PST"]
[Termination "iLuusions won by resignation"]

1. e4 c5 2. Nf3 e6 3. d4 cxd4 4. Nxd4 a6 5. Nc3 b5 6. Bd3 Ne7 7.
O-O Nec6 8. Nb3 d6 9. Kh1 Be7 10. a4 b4 11. Ne2 Nd7 12. a5 O-O 13. Be3 Bb7 14. c3 Nc5 15. Nxc5 dxc5 16. cxb4 Nxb4 17. Bb1 Qc7 18. Nc3 Rad8 19. Qe2 c4 20. f3 Bf6 21. Bb6 Qc6 22. Bxd8 Rxd8 23. Bc2 Nd3 24. Bxd3 cxd3 25.
Qd2 Qc4 26. Rfd1 Bc6 27. Rac1 Qb3 28. Nd5 exd5 29. Rxc6 dxe4 30. fxe4 Qb5 31. Qxd3 Qxd3 32. Rxd3 Rxd3 33. g3 Rd1+ 34. Kg2 h6 35. Rxa6 Rd2+ 36. Kh3 Rxb2 37. Ra8+ Kh7 38. Rf8 Kg6 39. a6 Ra2 40.
Ra8 Bd4 41. Kg4 Rxh2 42. Rd8 Be3 43. Rd6+ Kh7 44. Kf3 Bg1 45. Rd7 Ra2 46. Rxf7 Rf2+ 47. Kg4 Rxf7 0-1

[Event "*** Titled Tuesday Blitz"]
[Site "Chess.com"]
[Date "2019.12.03"]
[Round "7"]
[White "1977Ivan"]
[Black "joshdaruca"]
[Result "1/2-1/2"]
[WhiteElo "2787"]
[BlackElo "2720"]
[TimeControl "180+2"]
[EndTime "14:36:47 PST"]
[Termination "Game drawn by repetition"]

1. d4 Nf6 2. c4 e6 3. Nc3 Bb4 4. Bd2 O-O 5. Nf3 d5 6. e3 b6 7. cxd5 exd5 8. Rc1 a6 9. Bd3 Re8 10. O-O Bd6 11. Qc2 Bb7 12. Ne2 Nbd7 13. Ng3 g6 14. Bc3 Nf8 15. Ne5 c5 16. f4 Rc8 17. Qe2 b5 18. dxc5 Bxc5 19. Kh1 d4 20. Bxd4 Bxd4 21. Rxc8 Bxc8 22. exd4 Qxd4 23. Ne4 Nxe4 24. Bxe4 f6 25. Rd1 Qa4 26. Bd5+ Kg7 27. Bb3 Qxf4 28. Nxg6 Qxh2+ 29. Kxh2 Rxe2 30. Nf4 Rxb2 31. Rd8 Bg4 32. Kg3 h5 33. Ra8 Ng6 34. Ra7+ Kh6 35. Nxg6 Kxg6 36. Rxa6 Re2 37. Ra5 Re5 38. Kf4 Rf5+ 39. Kg3 Kg5 40. Kh2 Kf4 41. a4 bxa4 42. Rxf5+ Bxf5 43. Bxa4 h4 44. Bd1 Ke3 45. Bb3 Kf2 46. Bd5 Bg4 47. Bc6 f5 48.
Bd5 f4 49. Bc6 Be6 50. Bf3 Bc4 51. Be4 Bf1 52. Bd5 Be2 53. Be4 Bg4 54. Bc6 Bf5 55. Bd5 Bd7 56. Bb7 Ke3 57. Bd5 Bf5 58. Bc6 Kf2 59.
Bd5 Bd3 60. Bc6 Bf1 61. Bd5 Ke3 62. Bc6 Kf2 63. Bd5 1/2-1/2

[Event "*** Titled Tuesday Blitz"]
[Site "Chess.com"]
[Date "2019.12.03"]
[Round "7"]
[White "dusanacns"]
[Black "Triumphmate"]
[Result "0-1"]
[WhiteElo "2677"]
[BlackElo "2455"]
[TimeControl "180+2"]
[EndTime "14:36:48 PST"]
[Termination "Triumphmate won by resignation"]

1. d4 Nf6 2. Nf3 e6 3. Bf4 d5 4.
e3 Bd6 5. Bg3 c5 6. Bb5+ Nc6 7.
c3 O-O 8. Nbd2 Qe7 9. Bxc6 bxc6 10. Qa4 cxd4 11. cxd4 Rb8 12. Bxd6 Qxd6 13. Nb3 Ne4 14. O-O Rb6 15. Qa5 Qe7 16. Rfc1 f6 17. Rc2 e5 18. Rac1 Ra6 19. Qe1 Bd7 20. Na5 Rc8 21. b4 Qe8 22. Nd2 exd4 23. exd4 Nd6 24. Ndb3 Qxe1+ 25. Rxe1 Rb6 26. a3 Bf5 27. Ra2 h5 28. f3 Nb5 29.
Kf2 Bg6 30. h4 Kf7 31. Re3 Nd6 32. Rc3 Bf5 33. Nc5 Nb5 34. Re3 Rc7 35. Nab3 Bb1 36. Ra1 Bc2 37. Ra2 Bxb3 38. Nxb3 Re7 39. Rxe7+ Kxe7 40. Ke3 Nd6 41. Kd3 Nf5 42. Re2+ Kf7 43. Na5 Nxh4 44.
Rc2 g5 45. g4 Nxf3 46. Rxc6 Rxc6 47. Nxc6 hxg4 48. Ke3 f5 49. Nxa7 f4+ 50. Kf2 Nxd4 51. b5 g3+ 52. Kg2 g4 53. b6 Ne2 54. Kf1 f3 55.
Nc8 g2+ 56. Ke1 g1=Q+ 57. Kd2 Qd4+ 58. Ke1 Nf4 0-1

[Event "*** Titled Tuesday Blitz"]
[Site "Chess.com"]
[Date "2019.12.03"]
[Round "7"]
[White "przemekpiotrowski"]
[Black "riconaipe"]
[Result "0-1"]
[WhiteElo "2424"]
[BlackElo "2595"]
[TimeControl "180+2"]
[EndTime "14:36:50 PST"]
[Termination "riconaipe won by resignation"]

1. d4 d5 2. Nf3 Nf6 3. g3 e6 4. Bg2 c5 5. O-O Nc6 6. c4 dxc4 7.
Qa4 Nd7 8. dxc5 Bxc5 9. Qxc4 O-O 10. Nc3 Be7 11. Rd1 Qa5 12. Be3 Nb6 13. Qb3 e5 14.
Bxb6 axb6 15. Rd5 Bc5 16. Nxe5 Nxe5 17. Rxe5 Bxf2+ 18. Kxf2 Qxe5 19. Qxb6 Ra6 20. Qb4 Re8 21. Bf3 Bh3 22. Nd5 Rd6 23. Rd1 Red8 24. Qxb7 R6d7 25.
Qb6 h5 26. e4 Bg4 27. Qd4 Qxd4+ 28. Rxd4 Bxf3 29. Kxf3 Kf8 30. b4 f5 31. a4 fxe4+ 32.
Kxe4 Re8+ 33. Kd3 Re1 34. Nc3 Rxd4+ 35. Kxd4 Rh1 36. b5 Ke7 37. Kc5 Rxh2 38. b6 Kd7 39. Nb5 Rc2+ 40. Kd5 Rd2+ 41. Kc5 Rc2+ 42. Kd4 Kc6 43.
a5 Rb2 44. Na7+ Kb7 45. Kc5 g5 46. Nb5 h4 47. gxh4 gxh4 48. Nc7 Rc2+ 49. Kd6 h3 50.
a6+ Kxb6 51. Nd5+ Ka7 52. Nb4 Rc1 53. Nd3 Rd1 0-1

[Event "*** Titled Tuesday Blitz"]
[Site "Chess.com"]
[Date "2019.12.03"]
[Round "7"]
[White "marianokar"]
[Black "HrvojeZagreb"]
[Result "1-0"]
[WhiteElo "2411"]
[BlackElo "2221"]
[TimeControl "180+2"]
[EndTime "14:36:54 PST"]
[Termination "marianokar won by resignation"]

1. d4 e6 2. c4 f5 3. Nc3 Nf6 4.
Nf3 Bb4 5. Bg5 O-O 6. Qc2 d6 7.
g3 Qe8 8. Bxf6 Rxf6 9. Bg2 e5 10. O-O-O e4 11. Ng5 Bxc3 12. Qxc3 c6 13. f3 h6 14. Nh3 d5 15. Nf4 Be6 16. h4 Bf7 17. c5 b6 18. Kb1 Nd7 19. e3 bxc5 20. dxc5 Rb8 21. fxe4 fxe4 22. g4 Qe5 23. Qxe5 Nxe5 24. g5 Rxf4 25.
exf4 Nc4 26. b3 Ne3 27. Rd2 Nxg2 28. Rxg2 h5 29. Rd1 Rd8 30. Rd4 Bg6 31. Kc1 Kf7 32. Kd2 Ke6 33. Ke3 Kf5 34. Ra4 Rd7 35. Rd4 Be8 36.
b4 Rb7 37. a3 g6 38. Rdd2 a5 39. Rd4 Ra7 40. a4 Ke6 41. Rb2 Rb7 42. b5 cxb5 43. axb5 Rxb5 44. Rxb5 Bxb5 45. Rd1 a4 46. Ra1 Kd7 47.
Kd4 Kc6 48. f5 e3 49. fxg6 e2 50. g7 1-0

[Event "*** Titled Tuesday Blitz"]
[Site "Chess.com"]
[Date "2019.12.03"]
[Round "7"]
[White "oskariot"]
[Black "SerGo055"]
[Result "0-1"]
[WhiteElo "2681"]
[BlackElo "2551"]
[TimeControl "180+2"]
[EndTime "14:36:55 PST"]
[Termination "SerGo055 won by resignation"]

1. e4 d5 2. exd5 Qxd5 3. Nf3 Nf6 4. c4 Qa5 5. Nc3 e5 6. Be2 e4 7. Nd4 Qe5 8. Nb3 Nc6 9. O-O Bd6 10. g3 O-O 11. d4 exd3 12. Bxd3 Bg4 13. f3 Bh3 14. Bf4 Qh5 15. Bxd6 Bxf1 16. Bxf8 Bxd3 17. Bxg7 Kxg7 18. Qxd3 Ne5 19. Qe2 Re8 20. Rf1 a5 21. a4 b6 22.
Ne4 Nxf3+ 23. Qxf3 Qxf3 24. Rxf3 Rxe4 25. c5 Rxa4 26.
cxb6 cxb6 27. Rf2 Ne4 28. Re2 Rb4 29. Nc1 Nc5 30. Rc2 Rd4 31. Kg2 a4 32. Ne2 Rb4 33.
Nf4 Kf8 34. h4 Rb3 35. h5 Kg7 36. Kh3 Nd3 37. Nxd3 Rxd3 38. Rc6 Rb3 39. h6+ Kf8 40.
Rc8+ Ke7 41. Rh8 Kf6 42. Rxh7 Kg6 43. Rh8 Rxb2 44. h7 b5 45. Kg4 Kg7 46. Rf8 Kxh7 47. Rxf7+ Kg6 48. Rb7 Rb4+ 49. Kf3 a3 50. Rb6+ Kg7 51. g4 a2 52. Rb7+ Kf6 53. Rb6+ Ke5 54. Rxb5+ Rxb5 0-1

[Event "*** Titled Tuesday Blitz"]
[Site "Chess.com"]
[Date "2019.12.03"]
[Round "7"]
[White "Ambitiousresolutions"]
[Black "Chesswizard_2007"]
[Result "1-0"]
[WhiteElo "2635"]
[BlackElo "2436"]
[TimeControl "180+2"]
[EndTime "14:36:56 PST"]
[Termination "Ambitiousresolutions won by resignation"]

1. e4 e5 2. Nf3 Nc6 3. Bc4 Bc5 4. O-O Nf6 5. d3 O-O 6. a4 d6 7. c3 a6 8. b4 Ba7 9. Be3 Ne7 10. Bxa7 Rxa7 11. Re1 Ng6 12. Nbd2 c6 13. Bb3 h6 14. a5 Qe7 15. Nf1 Be6 16. Ng3 Nf4 17. d4 Raa8 18. h3 Rad8 19. Bc2 Bc8 20. Ne2 Nxe2+ 21. Qxe2 Nh7 22. Rad1 Ng5 23. Nxg5 Qxg5 24. Qe3 Qxe3 25. Rxe3 Be6 26. Red3 exd4 27. Rxd4 d5 28. Bb3 Rc8 29. exd5 cxd5 30. R1d3 Rc7 31. Bxd5 Bxd5 32.
Rxd5 Rfc8 33. Rd8+ Rxd8 34. Rxd8+ Kh7 35. Rb8 Kg6 36. c4 Kf6 37. b5 Rxc4 38. bxa6 bxa6 39. Rb6+ Kg5 40. Rxa6 f6 41. g3 Kg6 42. Ra7 Ra4 43. a6 Kh7 44. h4 Ra1+ 45. Kg2 Ra2 46.
h5 Ra1 47. Kf3 Ra2 48. Ke3 Ra1 49. Kd4 Ra2 50. Ra8 Rxf2 51. Rc8 Ra2 52. Rc6 Ra5 53. g4 f5 54. gxf5 Rxf5 55. a7 Ra5 56. Rc7 Ra1 57. Kc5 Rc1+ 58. Kb6 Rb1+ 59. Kc6 Rc1+ 60. Kb7 Rb1+ 61.
Kc8 Ra1 62. Kb8 Rb1+ 63. Rb7 Re1 64. a8=Q Re8+ 65. Ka7 Re7 66. Qf8 Rc7 67. Qf5+ g6 68. Qxg6+ Kh8 69. Qxh6+ Kg8 70. Qg5+ Kf8 71. Qd8+ Kg7 72.
Rxc7+ Kh6 73. Qf6+ Kxh5 74. Rh7+ Kg4 75. Rh4+ Kg3 76.
Qf4+ 1-0

[Event "*** Titled Tuesday Blitz"]
[Site "Chess.com"]
[Date "2019.12.03"]
[Round "7"]
[White "Kimster98"]
[Black "petincash"]
[Result "1-0"]
[WhiteElo "2565"]
[BlackElo "2422"]
[TimeControl "180+2"]
[EndTime "14:36:57 PST"]
[Termination "Kimster98 won on time"]

1. Nf3 Nf6 2. c4 g6 3. g3 Bg7 4.
Bg2 O-O 5. O-O d6 6. d4 Nc6 7.
Nc3 Bf5 8. b3 Ne4 9. Bb2 Nxc3 10. Bxc3 Be4 11. e3 e6 12. Bh3 d5 13. cxd5 Bxd5 14. Bg2 Ne7 15. Rc1 Be4 16. Nd2 Bxg2 17.
Kxg2 Re8 18. Bb2 Nf5 19. Nf3 Nd6 20. Qc2 c6 21. e4 f5 22. Nd2 Bh6 23. f4 Bg7 24. e5 Nb5 25. Nf3 Nc7 26. Qd3 Nd5 27. Nd2 g5 28. Nc4 gxf4 29. gxf4 Bh6 30. Qg3+ Kh8 31. Nd6 Re7 32. Kh1 Rg7 33. Qh3 Bxf4 34. Rce1 Qd7 35. Rg1 Rag8 36. Qh5 Rxg1+ 37. Rxg1 Rxg1+ 38. Kxg1 Qg7+ 39. Kf2 Be3+ 40. Kf3 Qg6 41. Qxg6 hxg6 42.
Nf7+ Kh7 43. Nd8 Bf4 44. Nxe6 Bxh2 45. Nd8 Nb4 46. Nxb7 Nxa2 47. Nd8 Nb4 48. Bc3 Nd5 49. Bb2 Ne7 50. Ba3 Nd5 51. Nxc6 g5 52. e6 g4+ 53. Kg2 Bc7 54. e7 Nf6 55. d5 Ne8 56.
Nxa7 Kg6 57. Nb5 Be5 58. d6 1-0

[Event "*** Titled Tuesday Blitz"]
[Site "Chess.com"]
[Date "2019.12.03"]
[Round "7"]
[White "ChessWarrior7197"]
[Black "Gennady_Kozlov"]
[Result "1/2-1/2"]
[WhiteElo "2904"]
[BlackElo "2556"]
[TimeControl "180+2"]
[EndTime "14:36:58 PST"]
[Termination "Game drawn - insufficient material"]

1. e4 e6 2. d4 d5 3. Nc3 Nf6 4. e5 Nfd7 5. f4 c5 6. Nf3 Nc6 7. Be3 Qb6 8. Qd2 cxd4 9. Nxd4 Nxd4 10. Bxd4 Bc5 11. Na4 Qc6 12. Nxc5 Nxc5 13. a4 Ne4 14. Qb4 Qxc2 15. Bb5+ Bd7 16. Bxd7+ Kxd7 17. Qxb7+ Qc7 18.
Qxc7+ Kxc7 19. Ke2 Rhc8 20. Rhc1+ Kb7 21. b4 a6 22. Kd3 Rxc1 23. Rxc1 Rc8 24. Rxc8 Kxc8 25.
b5 axb5 26. axb5 Kb7 27. Kc2 Kc7 28. Kb3 Kb7 29. Kb4 Kc7 30. b6+ Kb7 31. Kb5 Nd2 32. Be3 Nc4 33. Bd4 Nd2 34. h3 h5 35. Bg1 g6 36. Kc5 Ne4+ 37. Kb5 Nc3+ 38. Kb4 Ne2 39. Be3 d4 40. Bd2 Kxb6 41. Kc4 Kc6 42. Kd3 Ng3 43. Kxd4 Nf5+ 44. Ke4 Nh6 45. Be3 Kb5 46. Kf3 Kc4 47. g4 hxg4+ 48. hxg4 Ng8 49. Bc1 Kd3 50. Ba3 f6 51. exf6 Nxf6 52. Bb2 Nd5 53. Be5 Ne3 54. Kg3 Ke4 55. Kh4 Ng2+ 56. Kg5 Kf3 57. Bc7 Ke4 58.
Kxg6 Nxf4+ 59. Kf7 e5 60. g5 Kf5 61. Bd8 e4 62.
Bb6 Kxg5 63. Bd4 Kf5 64. Ke7 Ne6 65. Be3 Ke5 66. Kf7 Nf4 67. Bg1 Nh3 68. Be3 Nf4 69. Bg1 Kf5 70. Ke7 Kg4 71. Kd6 Kf3 72. Ke5 Nd3+ 73.
Kf5 Nb4 74. Bd4 Nc6 75. Bc5 Na5 76. Ke5 Nb3 77. Bb6 Nd2 78. Kd5 Nf1 79. Bc5 Ne3+ 80.
Kd4 Nf5+ 81. Kc3 Ke2 82. Bb6 Ne7 83. Kd4 Kf3 84. Bc5 Nf5+ 85. Ke5 Ne3 86. Kd4 Nf1 87. Kc3 Ng3 88. Kd2 Nf5 89. Ke1 e3 90. Bxe3 1/2-1/2

[Event "*** Titled Tuesday Blitz"]
[Site "Chess.com"]
[Date "2019.12.03"]
[Round "7"]
[White "Vuk2000"]
[Black "Supernotar"]
[Result "1/2-1/2"]
[WhiteElo "2762"]
[BlackElo "2644"]
[TimeControl "180+2"]
[EndTime "14:37:05 PST"]
[Termination "Game drawn by repetition"]

1. d4 d5 2. Bf4 Nf6 3. e3 e6 4. Nf3 Bd6 5. Bg3 c5 6. c3 Qc7 7. Nbd2 Nbd7 8. dxc5 Qxc5 9. Nb3 Qc7 10. Bxd6 Qxd6 11.
c4 O-O 12. cxd5 Nxd5 13. Qd2 Qe7 14. Bd3 b6 15. O-O Bb7 16. a3 Rfd8 17. Qe2 Rac8 18.
Rac1 Nc5 19. Nxc5 Rxc5 20. b4 Rxc1 21. Rxc1 h6 22. Ba6 Ba8 23. h3 Qf6 24. Bd3 Nc3 25.
Qc2 Bxf3 26. gxf3 Nd5 27. Bf1 Qxf3 28. Bg2 Qf6 29. Rd1 Qg5 30. Qd2 Rc8 31. Kh1 Nf6 32.
Rc1 Rxc1+ 33. Qxc1 Qf5 34. Kg1 a5 35. Qc4 axb4 36.
Qxb4 Qa5 37. Qb2 Nd5 38. Bf3 Qc5 39. Kg2 Nc3 40. Qd2 g6 41. Qb2 h5 42. Qd2 e5 43.
Qd8+ Kg7 44. Bb7 e4 45. Ba8 Kh7 46. h4 Kg7 47. Qd7 Qxa3 48. Qd4+ Kg8 49. Bc6 Qb2 50.
Be8 Qb3 51. Qd8 Kg7 52. Qd4+ Kg8 53. Qd8 Kg7 54. Qd4+ Kg8 1/2-1/2